AoeStats
← MrFox

Arabia

506861708Analyzed
1v1 RM · 18d ago on Sep 15, 2026· 48m 5s· 2 players
Game mode
Random Map
Map size
Tiny (2 player)
Population
200
Speed
Normal
Resources
Standard
Victory
Conquest
Starting age
Dark Age
Ending age
Imperial Age
RankedLock teamsTeams togetherTeam positionsShared explorationLock speedFull tech treeHidden civsTurbo modeCheats
Victory
Defeat
🇮🇳 Khitans · India
1044
+14
🇨🇳 Bohemians · China
1011
-14
vper1490
7:46 Loom
11:47 Feudal Age
13:10 Double-Bit Axe
23:44 Wheelbarrow
25:26 Castle Age
23:27 Horse Collar
25:44 Padded Archer Armor
25:35 Fletching
27:42 Leather Archer Armor
31:59 Squires
31:54 Pikeman
34:38 Bow Saw
35:27 Fervor
37:13 Bodkin Arrow
48:07 Murder Holes
MrFox
6:28 Loom
9:04 Feudal Age
10:00 Town Watch
15:14 Forging
16:35 Scale Barding Armor
18:46 Double-Bit Axe
18:43 Domestication
21:51 Castle Age
22:25 Fletching
22:35 Padded Archer Armor
25:24 Bodkin Arrow
26:28 Heavy Cavalry Archer
32:12 Iron Casting
33:07 Husbandry
36:03 Chain Barding Armor
37:59 Leather Archer Armor
44:02 Light Cavalry
50:17 Imperial Age
Connection lost

Rejoining the realm…

Still unreachable

The connection could not be restored.

Session expired

The server has moved on; the page needs a fresh start.